 Dungeon Crawl Stone Soup version 0.30-a0-591-g3c58d2bc28 (webtiles) character file.

Game seed: 5132988161748676209

51 Citaku the Covered (level 3, -2/33 HPs)
             Began as a Minotaur Fighter on Jan 5, 2023.
             Slain by a hobgoblin (4 damage)
             ... led by Robin
             ... on level 2 of the Dungeon.
             The game lasted 00:01:46 (971 turns).

Citaku the Covered (Minotaur Fighter)                Turns: 971, Time: 00:01:47

Health: -2/33      AC:  8    Str: 22    XL:     3   Next: 57%
Magic:  2/2        EV:  9    Int:  5    God:
Gold:   54         SH:  4    Dex:  9    Spells: 2/2 levels left

rFire   . . .      SeeInvis .    a - +0 war axe
rCold   . . .      Faith    .    c - +0 buckler
rNeg    . . .      Spirit   .    b - +0 scale mail
rPois   .          Reflect  .    (helmet restricted)
rElec   .          Harm     .    (no cloak)
rCorr   .          Rampage  .    (no gloves)
Will    .....                    k - +0 pair of boots Stlth
                                 (no amulet)
HPRegen 0.25/turn                (no ring)
MPRegen 0.08/turn                (no ring)

@: mighty
A: horns 2, retaliatory headbutt
a: no special abilities


You were on level 2 of the Dungeon.
You visited 1 branch of the dungeon, and saw 2 of its levels.

You collected 54 gold pieces.

Inventory:

Hand Weapons
 a - a +0 war axe (weapon)
Armour
 b - a +0 scale mail (worn)
 c - a +0 buckler (worn)
 k - a +0 pair of boots (worn)
Scrolls
 e - a scroll of teleportation {unknown}
 f - a scroll of amnesia {unknown}
 g - 3 scrolls of identify {unknown}
 j - a scroll of butterflies {unknown}
 l - a scroll of immolation {unknown}
Potions
 h - a potion of flight {unknown}
 i - a potion of curing {unknown}


   Skills:
 + Level 4.1 Fighting
 * Level 3.5 Axes
 * Level 4.5 Armour
 - Level 3.6 Shields


You had 2 spell levels left.
You didn't know any spells.
Your spell library contained the following spells:

 Spells                   Type           Power      Damage    Failure   Level
 Ensorcelled Hibernation  Hex/Ice        0%         N/A       95%         2
 Spider Form              Tmut/Pois      0%         N/A       99%         3
 Anguish                  Hex/Necr       0%         N/A       100%        4


Dungeon Overview and Level Annotations

Branches:
Dungeon (2/15)

Altars:

Annotations:
D:2 Robin


Innate Abilities, Weirdness & Mutations

You have a pair of horns on your head.
You reflexively headbutt those who attack you in melee.


Message History

The goblin completely misses you. The hobgoblin hits you.
The goblin hits you but does no damage. The hobgoblin hits you.
Robin closely misses you. The hobgoblin hits you.
You closely miss the hobgoblin. You hit the goblin.
You closely miss the hobgoblin. You hit the hobgoblin but do no damage.
You barely miss the goblin. The goblin hits you but does no damage.
The hobgoblin closely misses you. The goblin hits you with a +0 club.
The hobgoblin misses you.
Robin flexes a bicep menacingly.
Robin barely misses you.
The hobgoblin hits you but does no damage.
You feel very mighty all of a sudden. The goblin hits you but does no damage.
The hobgoblin barely misses you.
The hobgoblin hits you but does no damage.
Robin hits you from afar with a +2 spear of flaming.
* * * LOW HITPOINT WARNING * * *
Robin burns you.
* * * LOW HITPOINT WARNING * * *
You block the goblin's attack. You block the hobgoblin's attack.
The hobgoblin hits you.
* * * LOW HITPOINT WARNING * * *
You barely miss the hobgoblin. You closely miss the hobgoblin.
You closely miss the goblin. You hit the hobgoblin. x2
You kill the hobgoblin!
You slash the goblin!
You kill the goblin!
The hobgoblin closely misses you. You furiously retaliate!
You headbutt the hobgoblin!
You kill the hobgoblin!
Robin closely misses you.
The hobgoblin hits you but does no damage.
The goblin hits you with a +0 dagger.
* * * LOW HITPOINT WARNING * * *
You block the hobgoblin's attack.
You slash the hobgoblin!
You kill the hobgoblin!
You closely miss the hobgoblin. You closely miss the goblin.
The goblin hits you but does no damage. Robin completely misses you.
The hobgoblin hits you.
You die...

#......#
#?.....#
#......#
##......##
.........
#.....#
#)gg..#
#<@†..#
.......)#†###
.........g#
.....###..#
..... g.#
.### g.# ..#
..#


You could see Robin, a hobgoblin (strong) and a goblin (strong).

Vanquished Creatures
  2 ball pythons (D:1)
  An endoplasm (D:1)
  2 giant cockroaches (D:1)
  13 goblins
  8 hobgoblins
  3 quokkas (D:1)
  5 bats (D:1)
  3 frilled lizards (D:1)
  3 kobolds (D:1)
  2 rats (D:1)
42 creatures vanquished.

Vanquished Creatures (others)
  2 fungi (D:1)
2 creatures vanquished.

Grand Total: 44 creatures vanquished

Notes
Turn   | Place    | Note
-------+----------+-------------------------------------------
     0 | D:1      | Citaku the Minotaur Fighter began the quest for the Orb.
     0 | D:1      | Reached XP level 1. HP: 19/19 MP: 0/0
   185 | D:1      | Reached XP level 2. HP: 25/27 MP: 1/1
   442 | D:1      | Found a faded altar of an unknown god.
   495 | D:1      | Reached XP level 3. HP: 33/33 MP: 2/2
   964 | D:2      | Noticed Robin
   971 | D:2      | Slain by a hobgoblin

Illustrated notes

Levels and vault maps discovered:
D:1:      dpeg_arrival_morbid_curiosity, layout_basic,
          shapermc_ecumenical_altar_acropolis, chequers_avenue, minmay_cupped
D:2:      layout_basic, uniq_robin, uniq_crazy_yiuf_cottage

Skill      XL: |  1  2 |
---------------+-------+-----
Armour         | 4 |  4.5
Axes           | 3 |  3.5
Fighting       | 4 |  4.1
Shields        | |  3.6

Action                   || total
-------------------------++-------
Melee: War axe           ||    56
       Headbutt          ||    11
  Use: Potion            ||     1
Armor: Scale mail        ||    46
Dodge: Dodged            ||    39
Block: Buckler           ||    20

Table legend: (Time is in decaauts)
 A = Elapsed time spent in this place.
 B = Non-inter-level travel time spent in this place.
 C = Inter-level travel time spent in this place.
 D = Time resting spent in this place.
 E = Time spent auto-exploring this place.
 F = Levels seen in this place.
 G = Mean time per level.
                   A        B        C        D        E       F      G
               +--------+--------+--------+--------+--------+-----+--------+
         Total |    991 |    991 |      0 |      0 |    712 |   2 |  495.5 |
       Dungeon |    991 |    991 |      0 |      0 |    712 |   2 |  495.5 |
               +--------+--------+--------+--------+--------+-----+--------+

Top non-repeatable levels by time:
     D:1: 982 daAuts
     D:2: 9 daAuts
